 Dungeon Crawl Stone Soup version 0.27-a0-828-g8289197e94 (webtiles) character file.

Game seed: 5331539713149835433

48 polve the Changer (level 3, -1/28 HPs)
             Began as a Draconian Transmuter on Mar 30, 2021.
             Slain by a hobgoblin (7 damage)
             ... on level 2 of the Dungeon.
             The game lasted 00:01:20 (1797 turns).

polve the Changer (Draconian Transmuter)            Turns: 1797, Time: 00:01:21

Health: -1/28      AC:  5    Str: 12    XL:     3   Next: 50%
Magic:  6/6        EV: 12    Int: 14    God:
Gold:   37         SH:  0    Dex: 11    Spells: 5/6 levels left

rFire    . . .     SeeInvis .     - Unarmed
rCold    . . .     Faith    .   (no shield)
rNeg     . . .     Spirit   .   (armour unavailable)
rPois    .         Reflect  .   (helmet restricted)
rElec    .         Harm     .   (no cloak)
rCorr    .         Rampage  .   (no gloves)
Will     .....                  (no boots)
Stlth    +.........             (no amulet)
HPRegen  0.09/turn              (no ring)
MPRegen  0.10/turn              (no ring)

@: no status effects
A: AC +5, unfitting armour, cold-blooded
a: no special abilities


You were on level 2 of the Dungeon.
You visited 1 branch of the dungeon, and saw 2 of its levels.

You collected 37 gold pieces.

Inventory:

Jewellery
 b - a +6 ring of dexterity
Scrolls
 a - 2 scrolls of noise {unknown}
Potions
 c - a potion of mutation {unknown}


   Skills:
 - Level 1.1 Fighting
 - Level 1.7 Dodging
 - Level 3.0 Unarmed Combat
 - Level 2.0 Spellcasting
 + Level 4.0 Transmutations


You had 5 spell levels left.
You knew the following spells:

 Your Spells              Type           Power      Damage    Failure   Level
a - Beastly Appendage     Tmut           24%        N/A       4%          1

Your spell library contained the following spells:

 Spells                   Type           Power      Damage    Failure   Level
 Wereblood                Tmut           12%        N/A       7%          2
 Spider Form              Tmut/Pois      3%         N/A       30%         3
 Ice Form                 Ice/Tmut       7%         N/A       71%         4
 Hydra Form               Tmut           6%         N/A       77%         5
 Alistair's Intoxication  Tmut/Pois      4%         N/A       96%         5
 Eringya's Noxious Bog    Tmut/Pois      3%         N/A       100%        6


Dungeon Overview and Level Annotations

Branches:
Dungeon (2/15)

Altars:
Ashenzari


Innate Abilities, Weirdness & Mutations

Your plain brown scales are hard. (AC +5)
You cannot fit into any form of body armour.
You are cold-blooded and may be slowed by cold attacks.


Message History

Your transformation is almost over.
The goblin hits you but does no damage.
You closely miss the goblin. Your headbutt misses the goblin.
The goblin misses you. The goblin hits you with a +0 club.
You are too injured to fight recklessly!
The goblin unwields a +0 dagger.
The goblin wields a +0 hunting sling.
The goblin shoots a stone.
The stone misses you.
You hit the goblin but do no damage. The goblin closely misses you.
You closely miss the goblin. Your kick misses the goblin.
You headbutt the goblin.
You kill the goblin!
The goblin shoots a stone.
The stone hits you.
Your Transmutations skill increases to level 4!
The goblin unwields a +0 hunting sling.
The goblin wields a +0 dagger.
The goblin hits you with a +0 dagger.
Items here: ))))) †††.
You closely miss the hobgoblin. Your kick misses the hobgoblin.
The hobgoblin hits you. The goblin closely misses you.
You hit the hobgoblin but do no damage. Your kick misses the hobgoblin.
You headbutt the hobgoblin, but do no damage.
The hobgoblin hits you.
* * * LOW HITPOINT WARNING * * *
You hit the hobgoblin. Your kick misses the hobgoblin.
Your headbutt misses the hobgoblin.
The hobgoblin is heavily wounded.
Your horns disappear.
Your talons disappear.
The hobgoblin misses you.
You hit the hobgoblin.
The hobgoblin is severely wounded.
The hobgoblin hits you.
* * * LOW HITPOINT WARNING * * *
You barely miss the hobgoblin.
The hobgoblin is severely wounded.
The hobgoblin closely misses you.
You barely miss the hobgoblin.
The hobgoblin is severely wounded.
You hit the hobgoblin but do no damage.
The hobgoblin is severely wounded.
The hobgoblin hits you!
You die...

# .# ##.#
#######
##...####
......##
#g.......
.......##
###g.......
.†......#
#.@#8.....8
........#
##.##.......
........# #†.#
8.....8
.†......#
###.## .......
........#
#...# 8.....8
.......##
#.### .......
........# #.#
8.....8
........####.#
....._.......#


You could see a hobgoblin and a goblin.

Vanquished Creatures
  2 worms (D:2)
  A dart slug (D:1)
  4 bats (D:1)
  4 endoplasms
  A giant cockroach (D:2)
  9 goblins
  A hobgoblin (D:2)
  2 jackals (D:1)
  2 quokkas (D:2)
  3 ball pythons
  A frilled lizard (D:2)
  5 kobolds
35 creatures vanquished.

Notes
Turn   | Place    | Note
-------+----------+-------------------------------------------
     0 | D:1      | polve the Draconian Transmuter began the quest for the Orb.
     0 | D:1      | Reached XP level 1. HP: 16/16 MP: 3/3
   354 | D:1      | Reached XP level 2. HP: 17/23 MP: 3/5
   546 | D:1      | Reached skill level 3 in Transmutations
   622 | D:1      | You fall into a shaft and drop 1 floor!
   692 | D:2      | HP: 1/23 [ball python (1)]
  1018 | D:2      | Reached XP level 3. HP: 15/28 MP: 4/6
  1672 | D:2      | Found a broken altar of Ashenzari.
  1731 | D:2      | Identified Sif Muna's Almanac of Changing
  1789 | D:2      | Reached skill level 4 in Transmutations
  1797 | D:2      | Slain by a hobgoblin

Illustrated notes

Levels and vault maps discovered:
D:1:      minmay_arrival_hallway, layout_loops_ring, serial_aquarium,
          aquarium_bridge_square [aquarium_subvault_balcony,
          aquarium_subvault_bridge, aquarium_subvault_wall,
          aquarium_subvault_bridge], aquarium_bridge_straight
          [aquarium_subvault_bridge, aquarium_subvault_window,
          aquarium_subvault_bridge, aquarium_subvault_wall],
          aquarium_window_corridor_2, aquarium_window_1, aquarium_window_corner,
          aquarium_view_2e, aquarium_view_2d
D:2:      kennysheep_the_goblin_king, layout_rooms, elyvilon_altar_3,
          overflow_temple_1_default, nicolae_overflow_hidden_temple,
          uniq_crazy_yiuf_cottage

Skill      XL: |  1  2  3 |
---------------+----------+-----
Transmutations | 3 4 |  4.0
Fighting       | |  1.1
Dodging        | |  1.7
Unarmed Combat | |  3.0
Spellcasting   | |  2.0

Action                   || total
-------------------------++-------
Melee: Unarmed           ||   107
       Tailslap          ||    11
       Kick              ||    11
       Headbutt          ||     6
       Punch             ||     2
 Cast: Beastly Appendage ||    13
Armor: Skin              ||    33
Dodge: Dodged            ||    79

Table legend: (Time is in decaauts)
 A = Elapsed time spent in this place.
 B = Non-inter-level travel time spent in this place.
 C = Inter-level travel time spent in this place.
 D = Time resting spent in this place.
 E = Time spent auto-exploring this place.
 F = Levels seen in this place.
 G = Mean time per level.
                   A        B        C        D        E       F      G
               +--------+--------+--------+--------+--------+-----+--------+
         Total |   1799 |   1783 |     16 |      0 |   1521 |   2 |  899.5 |
       Dungeon |   1799 |   1783 |     16 |      0 |   1521 |   2 |  899.5 |
               +--------+--------+--------+--------+--------+-----+--------+

Top non-repeatable levels by time:
     D:1: 1247 daAuts
     D:2: 551 daAuts
